[ AOE2 MATCH · #482874227 ]
UnrankedLithuanians vs Cumans
[ REPLAY ANALYSIS · EXTRACTED FROM THE RECORDED GAME ]
Feudal
12:27
Castle
18:21
Imperial
—
| APM avg | 41.4 |
| APM peak | 103 |
| eAPM avg | 12.2 |
| Villagers / military | 28 / 3 |
Focus
⚔️ 19.4% · 🌾 80.6%
Fishing Ship ×5 · Knight ×3
Feudal
13:07
Castle
17:41
Imperial
—
| APM avg | 37.7 |
| APM peak | 63 |
| eAPM avg | 16.5 |
| Villagers / military | 37 / 0 |
Focus
⚔️ 24.4% · 🌾 75.6%
Fishing Ship ×4 · Unknown (1949) ×3
Feudal
15:11
Castle
—
Imperial
—
| APM avg | 20.8 |
| APM peak | 46 |
| eAPM avg | 9.7 |
| Villagers / military | 36 / 17 |
Focus
⚔️ 27.7% · 🌾 72.3%
Militia ×11 · Fishing Ship ×11 · Battering Ram ×6
Feudal
15:28
Castle
19:17
Imperial
—
| APM avg | 25.2 |
| APM peak | 63 |
| eAPM avg | 8.0 |
| Villagers / military | 28 / 0 |
Focus
⚔️ 13.8% · 🌾 86.2%
Fishing Ship ×11
Feudal
16:37
Castle
—
Imperial
—
| APM avg | 20.1 |
| APM peak | 37 |
| eAPM avg | 9.0 |
| Villagers / military | 33 / 2 |
Focus
⚔️ 7.4% · 🌾 92.6%
Fishing Ship ×15 · Fire Galley ×1 · Unknown (2626) ×1 · Demolition Raft ×1
Feudal
12:33
Castle
18:15
Imperial
—
| APM avg | 28.3 |
| APM peak | 47 |
| eAPM avg | 11.7 |
| Villagers / military | 25 / 0 |
Focus
⚔️ 12.9% · 🌾 87.1%
Fishing Ship ×12
Feudal
13:46
Castle
18:08
Imperial
—
| APM avg | 29.6 |
| APM peak | 91 |
| eAPM avg | 17.7 |
| Villagers / military | 40 / 3 |
Focus
⚔️ 27.4% · 🌾 72.6%
Fishing Ship ×6 · Woad Raider ×3
Feudal
12:56
Castle
16:49
Imperial
—
| APM avg | 25.2 |
| APM peak | 57 |
| eAPM avg | 12.0 |
| Villagers / military | 35 / 0 |
Focus
⚔️ 15.7% · 🌾 84.3%
Fishing Ship ×5
Match map
Initial resources + every placement click. Lines = walls · curves = elevation contours. ◆ gold · ⬟ stone · ● berries · ✦ relic · ◌ wall gap
Your base· Open — unwalled flank
Kåre Gullballen's base· Open — 10t gap
Dangerous Penguin's base· Open — unwalled flank
Tom Lobby's base· Open — unwalled flank
matt.rielly.lewis's base· Open — 9t gap
cdb's base· Open — 5t gap
OnklG's base· Open — 13t gap
M0rT1nh0's base· Open — unwalled flank
Smoothed initial terrain · ◌ = detected wall gap · hover for details
Inputs per minute
— DataPaven - - Kåre Gullballen
Build order — DataPaven
62 actions detected in the replay
| 0:09 | Build | Town Center |
| 0:59 | Build | Dock |
| 1:02 | Build | House |
| 2:34 | Create | Villager (Male) |
| 2:35 | Create | Villager (Male) |
| 2:48 | Create | Villager (Male) |
| 2:48 | Create | Villager (Male) |
| 2:49 | Create | Villager (Male) |
| 2:55 | Create | Villager (Male) |
| 3:52 | Create | Fishing Ship |
| 4:21 | Build | House |
| 4:23 | Create | Villager (Male) |
| 5:31 | Create | Villager (Male) |
| 5:31 | Create | Villager (Male) |
| 6:12 | Create | Villager (Male) |
| 6:17 | Create | Fishing Ship |
| 6:18 | Create | Fishing Ship |
| 6:23 | Build | House |
| 6:25 | Create | Villager (Male) |
| 7:14 | Create | Villager (Male) |
| 7:29 | Create | Villager (Male) |
| 7:30 | Create | Villager (Male) |
| 7:30 | Create | Villager (Male) |
| 7:34 | Create | Fishing Ship |
| 7:35 | Create | Fishing Ship |
| 8:04 | Create | Villager (Male) |
| 8:04 | Create | Villager (Male) |
| 8:12 | Build | House |
| 8:21 | Build | House |
| 8:25 | Research | Loom |
| 8:38 | Create | Villager (Male) |
| 8:38 | Create | Villager (Male) |
| 8:39 | Create | Villager (Male) |
| 9:05 | Create | Villager (Male) |
| 9:15 | Build | Mining Camp |
| 10:13 | Build | Mill |
| 10:17 | Research | Feudal Age |
| 11:53 | Build | Barracks |
| 12:21 | Create | Villager (Male) |
| 12:27 | Age | Feudal Age |
| 12:59 | Create | Villager (Male) |
| 12:59 | Create | Villager (Male) |
| 13:17 | Build | Blacksmith |
| 13:22 | Create | Villager (Male) |
| 13:52 | Create | Villager (Male) |
| 14:33 | Build | Stable |
| 15:41 | Research | Castle Age |
| 15:51 | Build | Outpost |
| 16:49 | Build | Mill |
| 16:56 | Build | Farm |
| 16:56 | Build | Farm |
| 16:56 | Build | Farm |
| 16:57 | Build | Farm |
| 17:36 | Build | Lumber Camp |
| 18:11 | Research | Double-Bit Axe |
| 18:16 | Research | Horse Collar |
| 18:21 | Age | Castle Age |
| 18:32 | Create | Villager (Male) |
| 18:33 | Create | Villager (Male) |
| 18:45 | Create | Knight |
| 18:45 | Create | Knight |
| 18:46 | Create | Knight |
Build order — Kåre Gullballen
72 actions detected in the replay
| 0:20 | Build | Town Center |
| 1:41 | Build | House |
| 1:45 | Build | Dock |
| 2:37 | Create | Villager (Male) |
| 2:37 | Create | Villager (Male) |
| 2:37 | Create | Villager (Male) |
| 2:38 | Create | Villager (Male) |
| 2:38 | Create | Villager (Male) |
| 3:41 | Create | Fishing Ship |
| 4:16 | Create | Villager (Male) |
| 4:16 | Create | Villager (Male) |
| 4:58 | Create | Fishing Ship |
| 5:06 | Build | House |
| 5:07 | Create | Villager (Male) |
| 5:12 | Research | Loom |
| 5:30 | Create | Fishing Ship |
| 5:52 | Create | Villager (Male) |
| 5:53 | Create | Villager (Male) |
| 5:53 | Create | Villager (Male) |
| 6:18 | Create | Villager (Male) |
| 6:46 | Create | Fishing Ship |
| 6:59 | Create | Villager (Male) |
| 7:18 | Build | House |
| 7:34 | Create | Villager (Male) |
| 7:34 | Create | Villager (Male) |
| 7:54 | Create | Villager (Male) |
| 8:10 | Create | Villager (Male) |
| 8:11 | Create | Villager (Male) |
| 8:25 | Create | Villager (Male) |
| 8:25 | Create | Villager (Male) |
| 8:35 | Build | House |
| 8:36 | Build | House |
| 8:55 | Create | Villager (Male) |
| 8:55 | Create | Villager (Male) |
| 9:06 | Create | Villager (Male) |
| 9:07 | Create | Villager (Male) |
| 9:28 | Create | Villager (Male) |
| 9:47 | Build | Mining Camp |
| 10:04 | Create | Villager (Male) |
| 10:28 | Build | Mill |
| 10:32 | Create | Villager (Male) |
| 10:57 | Research | Feudal Age |
| 11:21 | Build | Mining Camp |
| 12:22 | Create | Villager (Male) |
| 12:22 | Create | Villager (Male) |
| 13:07 | Age | Feudal Age |
| 13:09 | Build | Market |
| 13:46 | Build | Blacksmith |
| 13:53 | Build | Blacksmith |
| 13:57 | Create | Villager (Male) |
| 14:19 | Build | Outpost |
| 14:26 | Build | Outpost |
| 14:32 | Create | Villager (Male) |
| 14:45 | Build | Outpost |
| 14:52 | Build | House |
| 15:01 | Research | Castle Age |
| 15:34 | Build | Mill |
| 16:10 | Research | Scale Barding Armor |
| 17:41 | Age | Castle Age |
| 17:49 | Build | Castle |
| 17:51 | Create | Villager (Male) |
| 17:52 | Create | Villager (Male) |
| 18:16 | Build | Barracks |
| 18:23 | Create | Villager (Male) |
| 18:32 | Build | Lumber Camp |
| 19:10 | Create | Unit 1949 |
| 19:39 | Build | Mining Camp |
| 19:44 | Create | Villager (Male) |
| 19:48 | Create | Unit 1949 |
| 19:48 | Create | Unit 1949 |
| 19:51 | Create | Villager (Male) |
| 19:51 | Create | Villager (Male) |
Build order — Dangerous Penguin
76 actions detected in the replay
| 0:55 | Build | Town Center |
| 1:09 | Build | House |
| 1:48 | Build | Dock |
| 3:06 | Build | Palisade Wall |
| 3:18 | Create | Villager (Male) ×4 |
| 4:25 | Create | Fishing Ship |
| 5:03 | Build | House |
| 5:07 | Create | Villager (Male) |
| 5:10 | Research | Loom |
| 5:53 | Create | Fishing Ship |
| 5:53 | Create | Fishing Ship |
| 6:19 | Create | Villager (Male) |
| 6:39 | Create | Fishing Ship |
| 6:46 | Build | House |
| 7:07 | Create | Villager (Male) |
| 7:17 | Create | Villager (Male) |
| 7:20 | Create | Fishing Ship |
| 7:45 | Create | Villager (Male) |
| 7:49 | Create | Fishing Ship |
| 8:18 | Create | Villager (Male) |
| 8:40 | Build | Mining Camp |
| 8:50 | Create | Villager (Male) |
| 8:51 | Create | Villager (Male) |
| 8:51 | Create | Villager (Male) |
| 9:25 | Create | Villager (Male) ×3 |
| 9:27 | Create | Fishing Ship |
| 9:40 | Build | House |
| 9:50 | Create | Villager (Male) ×2 |
| 10:05 | Create | Fishing Ship |
| 10:40 | Create | Villager (Male) |
| 10:57 | Create | Fishing Ship |
| 11:13 | Create | Villager (Male) |
| 11:15 | Create | Fishing Ship |
| 11:48 | Create | Villager (Male) ×5 |
| 11:51 | Create | Fishing Ship |
| 12:21 | Build | House |
| 12:41 | Research | Feudal Age |
| 13:18 | Build | Barracks |
| 13:26 | Create | Villager (Male) |
| 13:26 | Create | Villager (Male) |
| 13:36 | Build | House |
| 13:37 | Build | House |
| 13:55 | Create | Villager (Male) |
| 14:08 | Create | Militia |
| 14:09 | Create | Militia |
| 14:09 | Create | Militia |
| 14:09 | Create | Militia |
| 14:09 | Create | Militia |
| 14:24 | Build | House |
| 14:24 | Build | House |
| 14:26 | Build | House |
| 15:11 | Age | Feudal Age |
| 15:13 | Build | Blacksmith |
| 15:18 | Research | Man-at-Arms (upgrade) |
| 15:20 | Create | Militia |
| 15:21 | Create | Militia |
| 15:39 | Create | Villager (Male) |
| 15:42 | Create | Militia |
| 15:50 | Build | Siege Workshop |
| 16:18 | Research | Scale Mail Armor |
| 16:19 | Create | Battering Ram |
| 16:19 | Create | Battering Ram |
| 16:22 | Create | Battering Ram |
| 16:24 | Create | Villager (Male) |
| 16:37 | Create | Villager (Male) |
| 17:10 | Create | Battering Ram |
| 17:10 | Create | Battering Ram |
| 17:14 | Create | Villager (Male) |
| 17:16 | Create | Militia |
| 17:17 | Create | Militia |
| 17:33 | Create | Villager (Male) |
| 17:51 | Create | Militia |
| 17:52 | Create | Villager (Male) |
| 17:55 | Create | Battering Ram |
| 18:25 | Create | Villager (Male) |
| 18:28 | Create | Villager (Male) |
Build order — Tom Lobby
69 actions detected in the replay
| 0:20 | Build | Town Center |
| 2:37 | Create | Villager (Male) |
| 2:37 | Create | Villager (Male) |
| 2:37 | Create | Villager (Male) |
| 2:58 | Build | House |
| 3:01 | Create | Villager (Male) |
| 3:19 | Research | Loom |
| 3:39 | Build | Dock |
| 4:17 | Create | Fishing Ship |
| 4:17 | Create | Fishing Ship |
| 5:22 | Create | Fishing Ship |
| 5:22 | Create | Fishing Ship |
| 5:33 | Build | House |
| 5:47 | Create | Villager (Male) |
| 5:47 | Create | Villager (Male) |
| 6:16 | Create | Villager (Male) |
| 6:17 | Create | Villager (Male) |
| 6:29 | Create | Villager (Male) |
| 6:30 | Create | Villager (Male) |
| 6:48 | Build | House |
| 6:57 | Create | Villager (Male) |
| 6:58 | Create | Fishing Ship |
| 7:33 | Create | Villager (Male) |
| 7:59 | Create | Villager (Male) |
| 8:20 | Create | Villager (Male) |
| 8:26 | Create | Villager (Male) |
| 8:27 | Create | Villager (Male) |
| 8:27 | Create | Fishing Ship |
| 8:38 | Create | Fishing Ship |
| 8:38 | Create | Fishing Ship |
| 8:44 | Build | House |
| 9:07 | Create | Villager (Male) |
| 9:07 | Create | Villager (Male) |
| 9:10 | Create | Fishing Ship |
| 9:11 | Create | Fishing Ship |
| 9:39 | Create | Fishing Ship |
| 9:40 | Create | Villager (Male) |
| 9:53 | Build | Lumber Camp |
| 10:01 | Build | House |
| 10:38 | Create | Villager (Male) |
| 10:40 | Create | Villager (Male) |
| 11:17 | Build | Mill |
| 11:24 | Create | Villager (Male) |
| 11:59 | Create | Villager (Male) |
| 12:22 | Build | Farm |
| 12:24 | Build | Farm |
| 12:26 | Build | Farm |
| 12:30 | Build | Farm |
| 12:32 | Build | Farm |
| 13:18 | Research | Feudal Age |
| 13:57 | Create | Villager (Male) |
| 13:57 | Create | Villager (Male) |
| 14:28 | Build | House |
| 15:28 | Age | Feudal Age |
| 15:31 | Build | Market |
| 15:37 | Build | Market |
| 15:59 | Build | Blacksmith |
| 16:37 | Research | Castle Age |
| 16:45 | Build | Barracks |
| 16:53 | Research | Double-Bit Axe |
| 17:13 | Research | Wheelbarrow |
| 17:25 | Build | House |
| 17:26 | Build | House |
| 19:05 | Build | Stable |
| 19:17 | Age | Castle Age |
| 19:22 | Build | Castle |
| 19:24 | Create | Villager (Male) |
| 19:24 | Create | Villager (Male) |
| 19:24 | Create | Villager (Male) |
Build order — matt.rielly.lewis
78 actions detected in the replay
| 0:20 | Build | Town Center |
| 0:33 | Build | Dock |
| 0:35 | Build | House |
| 0:39 | Build | House |
| 2:51 | Create | Villager (Male) |
| 2:51 | Create | Villager (Male) |
| 2:51 | Create | Villager (Male) |
| 3:50 | Create | Villager (Male) |
| 4:40 | Create | Villager (Male) |
| 4:40 | Create | Villager (Male) |
| 5:05 | Create | Villager (Male) |
| 5:05 | Create | Villager (Male) |
| 5:28 | Create | Villager (Male) |
| 6:05 | Create | Villager (Male) |
| 6:38 | Create | Villager (Male) |
| 7:00 | Create | Villager (Male) |
| 7:01 | Create | Villager (Male) |
| 7:31 | Build | House |
| 7:33 | Create | Fishing Ship |
| 7:55 | Create | Villager (Male) |
| 8:19 | Create | Villager (Male) |
| 8:23 | Create | Fishing Ship |
| 8:48 | Create | Villager (Male) |
| 9:04 | Create | Villager (Male) |
| 9:10 | Build | Mill |
| 9:32 | Build | House |
| 9:35 | Build | House |
| 9:42 | Create | Villager (Male) |
| 9:59 | Create | Fishing Ship |
| 10:12 | Create | Villager (Male) |
| 10:15 | Create | Fishing Ship |
| 10:33 | Create | Villager (Male) |
| 10:35 | Create | Fishing Ship |
| 10:49 | Create | Villager (Male) |
| 10:50 | Create | Villager (Male) |
| 11:02 | Build | House |
| 11:14 | Create | Villager (Male) |
| 11:30 | Build | Dock |
| 12:18 | Create | Villager (Male) |
| 12:20 | Create | Villager (Male) |
| 12:22 | Create | Fishing Ship |
| 12:23 | Create | Fishing Ship |
| 12:43 | Create | Fishing Ship |
| 13:00 | Create | Villager (Male) |
| 13:35 | Research | Loom |
| 13:37 | Create | Fishing Ship |
| 13:41 | Create | Fishing Ship |
| 13:42 | Create | Fishing Ship |
| 14:01 | Build | House |
| 14:10 | Build | Barracks |
| 14:27 | Research | Feudal Age |
| 14:49 | Create | Fishing Ship |
| 14:49 | Create | Fishing Ship |
| 15:14 | Create | Fishing Ship |
| 15:38 | Build | House |
| 15:45 | Build | Palisade Wall |
| 16:02 | Build | Mining Camp |
| 16:12 | Create | Fishing Ship |
| 16:37 | Age | Feudal Age |
| 16:42 | Create | Villager (Male) |
| 16:48 | Create | Unit 2626 |
| 16:48 | Create | Fire Galley |
| 16:50 | Research | Tech 906 |
| 17:07 | Build | Dock |
| 17:21 | Create | Villager (Male) |
| 17:21 | Create | Villager (Male) |
| 17:28 | Build | House |
| 17:29 | Build | House |
| 17:30 | Build | House |
| 17:32 | Build | House |
| 17:39 | Create | Villager (Male) |
| 17:42 | Create | Demolition Raft |
| 18:13 | Create | Villager (Male) |
| 18:20 | Build | Archery Range |
| 18:41 | Create | Villager (Male) |
| 18:41 | Create | Villager (Male) |
| 18:55 | Build | House |
| 19:11 | Build | Blacksmith |
Build order — cdb
57 actions detected in the replay
| 0:24 | Build | Town Center |
| 0:44 | Build | Dock |
| 1:25 | Build | House |
| 2:43 | Create | Villager (Male) ×4 |
| 3:07 | Research | Loom |
| 3:08 | Create | Villager (Male) ×3 |
| 3:35 | Create | Fishing Ship |
| 4:46 | Create | Fishing Ship |
| 4:58 | Create | Villager (Male) |
| 5:39 | Create | Villager (Male) |
| 5:41 | Create | Fishing Ship |
| 6:12 | Create | Villager (Male) |
| 6:13 | Create | Fishing Ship |
| 6:34 | Build | Settlement |
| 6:41 | Create | Villager (Male) |
| 7:04 | Create | Villager (Male) |
| 7:06 | Create | Fishing Ship |
| 7:41 | Create | Villager (Male) |
| 7:45 | Create | Fishing Ship |
| 7:56 | Build | House |
| 8:08 | Create | Villager (Male) |
| 8:30 | Create | Fishing Ship |
| 8:43 | Create | Villager (Male) |
| 9:07 | Create | Villager (Male) |
| 9:13 | Create | Fishing Ship |
| 9:32 | Create | Villager (Male) |
| 9:55 | Create | Villager (Male) |
| 9:56 | Create | Fishing Ship |
| 10:03 | Build | House |
| 10:23 | Research | Feudal Age |
| 11:10 | Build | Dock |
| 12:26 | Create | Villager (Male) |
| 12:33 | Age | Feudal Age |
| 12:36 | Create | Villager (Male) |
| 12:44 | Build | Blacksmith |
| 12:57 | Create | Villager (Male) |
| 13:19 | Build | Market |
| 13:42 | Create | Fishing Ship |
| 13:51 | Create | Villager (Male) |
| 14:05 | Create | Fishing Ship |
| 14:20 | Create | Villager (Male) |
| 14:27 | Create | Fishing Ship |
| 15:06 | Build | Settlement |
| 15:35 | Research | Castle Age |
| 16:07 | Research | Double-Bit Axe |
| 16:10 | Research | Gold Mining |
| 17:32 | Create | Villager (Male) |
| 17:48 | Research | Horse Collar |
| 18:02 | Research | Fletching |
| 18:03 | Research | Padded Archer Armor |
| 18:15 | Age | Castle Age |
| 18:17 | Build | Castle |
| 18:27 | Research | Bow Saw |
| 18:39 | Create | Villager (Male) |
| 18:40 | Research | Heavy Plow |
| 18:44 | Research | Gold Shaft Mining |
| 19:08 | Build | Settlement |
Build order — OnklG
87 actions detected in the replay
| 0:26 | Build | Dock |
| 0:33 | Build | Town Center |
| 0:43 | Build | House |
| 2:51 | Create | Villager (Male) |
| 2:51 | Create | Villager (Male) |
| 2:51 | Create | Villager (Male) |
| 2:51 | Create | Villager (Male) |
| 2:52 | Create | Villager (Male) |
| 3:41 | Create | Villager (Male) |
| 3:54 | Create | Fishing Ship |
| 4:43 | Create | Villager (Male) |
| 4:46 | Build | House |
| 5:13 | Create | Villager (Male) |
| 5:14 | Create | Villager (Male) |
| 5:31 | Create | Villager (Male) |
| 6:02 | Create | Villager (Male) |
| 6:02 | Create | Villager (Male) |
| 6:04 | Create | Fishing Ship |
| 6:13 | Create | Villager (Male) |
| 6:13 | Create | Villager (Male) |
| 6:18 | Build | House |
| 6:36 | Create | Villager (Male) |
| 6:54 | Create | Fishing Ship |
| 6:59 | Research | Loom |
| 7:02 | Create | Villager (Male) |
| 7:25 | Create | Villager (Male) |
| 7:25 | Create | Villager (Male) |
| 7:38 | Create | Fishing Ship |
| 7:46 | Build | House |
| 8:01 | Create | Villager (Male) |
| 8:26 | Create | Fishing Ship |
| 8:32 | Create | Villager (Male) |
| 8:32 | Create | Villager (Male) |
| 8:35 | Build | House |
| 8:54 | Create | Villager (Male) |
| 9:11 | Create | Villager (Male) |
| 9:15 | Create | Fishing Ship |
| 9:34 | Create | Villager (Male) |
| 9:41 | Build | House |
| 10:12 | Research | Loom |
| 10:41 | Create | Villager (Male) |
| 10:43 | Build | Lumber Camp |
| 10:45 | Create | Villager (Male) |
| 11:17 | Research | Feudal Age |
| 11:21 | Build | Mining Camp |
| 12:10 | Build | Palisade Wall |
| 12:13 | Build | Palisade Wall |
| 12:15 | Build | Palisade Wall |
| 12:16 | Build | Palisade Wall |
| 12:17 | Build | Palisade Wall |
| 12:19 | Build | Palisade Wall |
| 12:20 | Build | Palisade Wall |
| 12:21 | Build | Palisade Wall |
| 12:22 | Build | Palisade Wall |
| 12:23 | Build | Palisade Wall |
| 13:06 | Create | Villager (Male) |
| 13:40 | Create | Villager (Male) |
| 13:46 | Age | Feudal Age |
| 13:52 | Build | Mill |
| 13:58 | Build | Blacksmith |
| 14:10 | Create | Villager (Male) |
| 14:31 | Build | Market |
| 14:34 | Build | Palisade Wall |
| 14:40 | Create | Villager (Male) |
| 15:11 | Build | Farm |
| 15:12 | Build | Farm |
| 15:28 | Research | Castle Age |
| 16:02 | Create | Villager (Male) |
| 16:21 | Research | Horse Collar |
| 16:27 | Build | Farm |
| 16:31 | Build | Farm |
| 16:57 | Create | Villager (Male) |
| 17:08 | Build | House |
| 17:11 | Create | Villager (Male) |
| 17:26 | Create | Villager (Male) |
| 17:34 | Create | Villager (Male) |
| 18:01 | Create | Villager (Male) |
| 18:08 | Age | Castle Age |
| 18:15 | Build | Castle |
| 18:25 | Create | Villager (Male) |
| 18:35 | Build | Town Center |
| 18:40 | Create | Villager (Male) |
| 19:24 | Create | Woad Raider |
| 19:24 | Create | Woad Raider |
| 19:34 | Create | Villager (Male) |
| 19:41 | Create | Woad Raider |
| 19:55 | Create | Villager (Male) |
Build order — M0rT1nh0
63 actions detected in the replay
| 0:23 | Build | Town Center |
| 0:37 | Build | House |
| 0:44 | Build | Dock |
| 2:43 | Create | Villager (Male) |
| 2:43 | Create | Villager (Male) |
| 2:43 | Create | Villager (Male) |
| 2:43 | Create | Villager (Male) |
| 3:41 | Create | Villager (Male) |
| 3:41 | Create | Villager (Male) |
| 3:43 | Create | Fishing Ship |
| 4:30 | Create | Fishing Ship |
| 4:53 | Build | House |
| 4:55 | Research | Loom |
| 5:11 | Create | Villager (Male) |
| 5:12 | Create | Villager (Male) |
| 5:46 | Create | Fishing Ship |
| 6:05 | Create | Villager (Male) |
| 6:05 | Create | Villager (Male) |
| 6:21 | Create | Villager (Male) |
| 6:21 | Create | Villager (Male) |
| 6:22 | Create | Villager (Male) |
| 7:08 | Create | Villager (Male) |
| 7:08 | Create | Villager (Male) |
| 7:14 | Create | Fishing Ship |
| 7:30 | Create | Villager (Male) |
| 7:30 | Create | Villager (Male) |
| 7:38 | Build | House |
| 7:39 | Create | Villager (Male) |
| 7:46 | Create | Villager (Male) |
| 8:03 | Create | Villager (Male) |
| 8:03 | Create | Villager (Male) |
| 8:33 | Create | Villager (Male) |
| 8:33 | Create | Villager (Male) |
| 8:53 | Build | House |
| 9:10 | Create | Villager (Male) |
| 9:11 | Create | Villager (Male) |
| 9:29 | Create | Villager (Male) |
| 9:32 | Create | Villager (Male) |
| 9:40 | Create | Fishing Ship |
| 9:50 | Build | Mill |
| 10:06 | Create | Villager (Male) |
| 10:06 | Create | Villager (Male) |
| 10:46 | Research | Feudal Age |
| 11:08 | Build | House |
| 11:25 | Create | Villager (Male) |
| 11:25 | Create | Villager (Male) |
| 11:50 | Build | House |
| 12:08 | Build | Palisade Wall |
| 12:56 | Age | Feudal Age |
| 12:58 | Build | Blacksmith |
| 13:12 | Build | Market |
| 13:22 | Build | House |
| 14:00 | Build | Mining Camp |
| 14:09 | Research | Castle Age |
| 15:19 | Build | Lumber Camp |
| 15:47 | Research | Double-Bit Axe |
| 16:03 | Create | Villager (Male) |
| 16:49 | Age | Castle Age |
| 16:53 | Build | Town Center |
| 16:55 | Create | Villager (Male) |
| 17:21 | Create | Villager (Male) |
| 17:25 | Research | Bow Saw |
| 18:00 | Create | Villager (Male) |
Match timeline
| 0:26 | OnklG · first_building Dock |
| 0:33 | matt.rielly.lewis · first_building Dock |
| 0:44 | cdb · first_building Dock |
| 0:44 | M0rT1nh0 · first_building Dock |
| 0:59 | DataPaven · first_building Dock |
| 1:45 | Kåre Gullballen · first_building Dock |
| 1:48 | Dangerous Penguin · first_building Dock |
| 3:06 | Dangerous Penguin · wall_segment Palisade Wall x1 |
| 3:39 | Tom Lobby · first_building Dock |
| 11:53 | DataPaven · first_building Barracks |
| 12:08 | M0rT1nh0 · wall_segment Palisade Wall x7 |
| 12:10 | OnklG · wall_segment Palisade Wall x1 |
| 12:13 | OnklG · wall_segment Palisade Wall x1 |
| 12:15 | OnklG · wall_segment Palisade Wall x1 |
| 12:16 | OnklG · wall_segment Palisade Wall x1 |
| 12:17 | OnklG · wall_segment Palisade Wall x1 |
| 12:19 | OnklG · wall_segment Palisade Wall x1 |
| 12:20 | OnklG · wall_segment Palisade Wall x1 |
| 12:21 | OnklG · wall_segment Palisade Wall x1 |
| 12:22 | OnklG · wall_segment Palisade Wall x1 |
| 12:23 | OnklG · wall_segment Palisade Wall x1 |
| 12:27 | DataPaven · age_up feudal |
| 12:33 | cdb · age_up feudal |
| 12:56 | M0rT1nh0 · age_up feudal |
| 13:07 | Kåre Gullballen · age_up feudal |
| 13:18 | Dangerous Penguin · first_building Barracks |
| 13:46 | OnklG · age_up feudal |
| 14:10 | matt.rielly.lewis · first_building Barracks |
| 14:33 | DataPaven · first_building Stable |
| 14:34 | OnklG · wall_segment Palisade Wall x3 |
| 15:11 | Dangerous Penguin · age_up feudal |
| 15:20 | OnklG · first_market_sell 100 wood |
| 15:23 | OnklG · first_market_buy 100 food |
| 15:28 | Tom Lobby · age_up feudal |
| 15:33 | cdb · first_market_sell 100 stone |
| 15:45 | matt.rielly.lewis · wall_segment Palisade Wall x6 |
| 15:50 | Dangerous Penguin · first_building Siege Workshop |
| 16:37 | matt.rielly.lewis · age_up feudal |
| 16:45 | Tom Lobby · first_building Barracks |
| 16:49 | M0rT1nh0 · age_up castle |
| 17:23 | Kåre Gullballen · first_market_sell 100 wood |
| 17:23 | Kåre Gullballen · first_market_buy 100 stone |
| 17:41 | Kåre Gullballen · age_up castle |
| 17:49 | Kåre Gullballen · first_building Castle |
| 18:08 | OnklG · age_up castle |
| 18:15 | cdb · age_up castle |
| 18:15 | OnklG · first_building Castle |
| 18:16 | Kåre Gullballen · first_building Barracks |
| 18:17 | cdb · first_building Castle |
| 18:20 | matt.rielly.lewis · first_building Archery Range |
| 18:21 | DataPaven · age_up castle |
| 19:05 | Tom Lobby · first_building Stable |
| 19:14 | M0rT1nh0 · resign |
| 19:17 | Tom Lobby · age_up castle |
| 19:22 | Tom Lobby · first_building Castle |
[ AI ANALYSIS · 1 CREDIT ]
What really happened in this match?
Wolo.gg analyzes every decision: build order, eco, micro, common mistakes by bracket. Personalized analysis on WhatsApp or Discord in 30 seconds.
Civ guide
Lithuanians
Perfil
Jugador #385760